 Dungeon Crawl Stone Soup version 0.26.1-11-gd32895ea62 (webtiles) character file.

Game seed: 8153792045805210145

5317 Gabide the Basher (level 10, -12/73 HPs)
             Began as a Demonspawn Gladiator on May 21, 2021.
             Was a Believer of Uskayaw.
             Mangled by a two-headed ogre
             ... wielding a +0 giant club
              (15 damage)
             ... on level 9 of the Dungeon.
             The game lasted 00:23:03 (10678 turns).

Gabide the Basher (Demonspawn Gladiator)           Turns: 10678, Time: 00:23:03

Health: -12/73     AC: 17    Str: 17    XL:     10   Next: 37%
Magic:  3/10       EV: 11    Int:  9    God:    Uskayaw [**....]
Gold:   533        SH:  5    Dex: 16    Spells: 9/9 levels left

rFire    . . .     SeeInvis .   t - +1 great mace
rCold    . . .     Faith    .   (shield currently unavailable)
rNeg     . . .     Spirit   .   B - +2 plate armour (curse)
rPois    .         Reflect  +   (helmet restricted)
rElec    .         Harm     .   k - +0 cloak
rCorr    .         Rampage  .   F - +0 pair of gloves
Will     .....                  (no boots)
Stlth    ..........             r - amulet of reflection
HPRegen  0.22/turn              (no ring)
MPRegen  0.12/turn              (no ring)

@: about to teleport, repel missiles
A: antennae 2, repulsion field 3, demonic guardian 1
a: Renounce Religion, Stomp, Line Pass


You were on level 9 of the Dungeon.
You worshipped Uskayaw.
Uskayaw was noncommittal.
You visited 2 branches of the dungeon, and saw 10 of its levels.

You collected 533 gold pieces.

Inventory:

Hand Weapons
 t - a +1 great mace (weapon)
Missiles
 p - 8 javelins (quivered)
Armour
 k - a +0 cloak (worn)
 x - a +2 leather armour of willpower
 B - a cursed +2 plate armour (worn)
 F - a +0 pair of gloves (worn)
Jewellery
 b - an uncursed amulet of the acrobat
 d - an uncursed amulet of guardian spirit
 r - an amulet of reflection (around neck)
Wands
 g - a wand of paralysis (10)
 n - a wand of iceblast (4)
 o - a wand of polymorph (5)
 s - a wand of flame (52)
 v - a wand of digging (4)
 D - a wand of acid (14)
Scrolls
 f - 2 scrolls of teleportation
 h - 3 scrolls of remove curse
 y - a scroll of magic mapping
 z - a scroll of enchant armour
 E - a scroll of identify
 G - a scroll of summoning {unknown}
Potions
 a - a potion of cancellation
 c - 2 potions of heal wounds
 e - 2 potions of magic
 i - a potion of flight {unknown}
 j - 4 potions of brilliance
 l - 2 potions of curing
 m - a potion of lignification
 q - a potion of ambrosia {unknown}
 u - a potion of mutation {unknown}
 w - a potion of attraction {unknown}
 A - a potion of invisibility {unknown}
 C - a potion of degeneration {unknown}


   Skills:
 + Level 4.3 Fighting
 * Level 9.7(10.4) Maces & Flails
 - Level 6.1(8.8) Staves
 + Level 2.8 Throwing
 * Level 6.3 Armour
 + Level 4.1 Dodging
 + Level 1.9 Stealth


You had 9 spell levels left.
You didn't know any spells.
Your spell library contained the following spells:

 Spells                   Type           Power        Failure   Level
 Corona                   Hex            0%           100%        1
 Summon Small Mammal      Summ           0%           100%        1
 Call Imp                 Summ           0%           100%        2
 Slow                     Hex            0%           100%        2
 Call Canine Familiar     Summ           0%           100%        3
 Confusing Touch          Hex            0%           100%        3
 Gell's Gravitas          Tloc           0%           100%        3
 Inner Flame              Hex/Fire       0%           100%        3
 Portal Projectile        Hex/Tloc       0%           100%        3
 Summon Guardian Golem    Hex/Summ       0%           100%        3
 Cause Fear               Hex            0%           100%        4
 Leda's Liquefaction      Hex/Erth       0%           100%        4
 Petrify                  Tmut/Erth      0%           100%        4
 Summon Ice Beast         Ice/Summ       0%           100%        4
 Summon Lightning Spire   Summ/Air       0%           100%        4
 Metabolic Englaciation   Hex/Ice        0%           100%        5
 Yara's Violent Unravell  Hex/Tmut       0%           100%        5


Dungeon Overview and Level Annotations

Branches:
Dungeon (10/15)            Temple (1/1) D:5            Lair (0/6) D:10
    Orc (0/2) D:10

Altars:
Cheibriados
Dithmenos
Elyvilon
Fedhas
Gozag
Hepliaklqana
Kikubaaqudgha
Makhleb
Nemelex Xobeh
Okawaru
Qazlal
Ru
Sif Muna
Trog
Uskayaw
Vehumet
Wu Jian
Xom
Yredelemnul
Zin
The Shining One

Shops:
D:4 (

Annotations:
D:9 Erolcha


Innate Abilities, Weirdness & Mutations

You have a pair of antennae on your head.
You are surrounded by a strong repulsion field. (EV +4, RMsl)
A weak demonic guardian rushes to your aid.


Message History

You throw a javelin.
The javelin pierces through the two-headed ogre.
The two-headed ogre is almost dead.
You block the two-headed ogre's attack. The two-headed ogre barely misses you.
Erolcha the Cunning comes into view.
She is wielding a -1 giant spiked club.
You feel sick.
You are no longer poisoned.
Erolcha shouts!
Throw: 8 javelins
Press: ? - help, Q - select action, (/) - cycle Shift-Dir - straight line, f/p - two-headed ogre
Aim: a two-headed ogre, wielding two +0 giant clubs (almost dead, 77% to hit)
Okay, then.
As you read the scroll of teleportation, it crumbles to dust.
You feel strangely unstable.
You don't have enough magic at the moment.
Erolcha points at you and mumbles some strange words.
The bolt of lightning misses you. The two-headed ogre barely misses you.
The two-headed ogre hits you with a +0 giant club!
You die...

# .. ..$ ## .#. ... (.
##.. #. #.(..#.##
###### #....(# #.@..#
## #..#..###O...# #.
#..(†)......# #.##
###.†##.....# ...#
##.###....# ...##
#.###....# [...#
#.5..##.5O#
##..#######...$......#
........##............


You could see a two-headed ogre, Erolcha and a friendly white imp (summoned).

Vanquished Creatures
  A two-headed ogre (D:9)
  A troll (D:10)
  A shadow (D:10)
  3 yaks (D:10)
  Menkaure (D:4)
  A two-headed ogre zombie (D:10)
  3 orc warriors
  A black bear (D:10)
  A sky beast (D:7)
  3 ice beasts (D:6)
  3 phantoms
  5 centaurs
  An ogre (D:9)
  Blork the orc (D:6)
  6 bullfrogs
  A water moccasin zombie (D:6)
  2 scorpions
  3 killer bees (D:9)
  2 bullfrog zombies (D:7)
  2 hounds
  A jelly (D:7)
  4 orc wizards
  5 orc priests
  2 centaur skeletons
  An iguana (D:7)
  2 worker ants
  7 ogre zombies (D:10)
  A hound zombie (D:7)
  A worker ant zombie (D:6)
  3 gnolls (D:5)
  11 adders
  2 white imps (D:6)
  An ufetubus (D:7)
  An adder zombie (D:5)
  A worm (D:2)
  A dart slug (D:4)
  6 leopard geckos
  16 orcs
  6 hobgoblins
  2 jackals
  4 quokkas
  10 bats
  3 frilled lizards (D:1)
  8 goblins
  A goblin skeleton (D:10)
  3 goblin zombies (D:10)
  A hobgoblin skeleton (D:10)
  6 kobolds
  A leopard gecko skeleton (D:4)
  A leopard gecko zombie (D:7)
  2 orc skeletons (D:10)
  18 orc zombies (D:10)
  8 rats
182 creatures vanquished.

Vanquished Creatures (collateral kills)
  A sky beast (D:6)
  An orc warrior (D:6)
  2 black bears
  2 ogres
  A centaur (D:7)
  2 bullfrogs
  2 killer bees (D:9)
  An orc wizard (D:4)
  An orc priest (D:5)
  A centaur skeleton (D:7)
  An iguana (D:3)
  A worker ant (D:4)
  A hound skeleton (D:10)
  A shadow imp (D:9)
  An ufetubus (D:5)
  7 orcs
  A hobgoblin (D:3)
  3 jackals
  A quokka (D:5)
  A rat (D:3)
32 creatures vanquished.

Vanquished Creatures (others)
  An orc (D:10)
  8 fungi (D:10)
  24 plants (D:10)
  5 withered plants (D:6)
38 creatures vanquished.

Grand Total: 252 creatures vanquished

Notes
Turn   | Place    | Note
-------+----------+-------------------------------------------
     0 | D:1      | Gabide the Demonspawn Gladiator began the quest for the
                  | Orb.
     0 | D:1      | Reached XP level 1. HP: 16/16 MP: 1/1
   540 | D:1      | Gained mutation: A weak demonic guardian rushes to your
                  | aid. [demonic ancestry]
   540 | D:1      | Reached XP level 2. HP: 15/22 MP: 2/2
  1268 | D:2      | Gained mutation: You are surrounded by a mild repulsion
                  | field. (EV +2) [demonic ancestry]
  1268 | D:2      | Reached XP level 3. HP: 21/27 MP: 3/3
  1656 | D:2      | Reached XP level 4. HP: 27/33 MP: 4/4
  2206 | D:3      | Gained mutation: You have a pair of small antennae on your
                  | head. [demonic ancestry]
  2206 | D:3      | Reached XP level 5. HP: 36/38 MP: 5/5
  2495 | D:3      | Found a shadowy altar of Dithmenos.
  2575 | D:4      | Reached skill level 1 in Armour
  2582 | D:4      | Reached skill level 5 in Staves
  2878 | D:4      | Noticed Menkaure
  2891 | D:4      | Killed Menkaure
  2892 | D:4      | Reached XP level 6. HP: 11/46 MP: 6/6
  3204 | D:4      | Found Wusui's Weapon Emporium.
  3204 | D:4      | You fall into a shaft and drop 3 floors!
  3593 | D:6      | Noticed an ice beast
  3600 | D:6      | Killed an ice beast
  3601 | D:6      | Gained mutation: You are surrounded by a moderate repulsion
                  | field. (EV +3) [demonic ancestry]
  3601 | D:6      | Reached XP level 7. HP: 51/51 MP: 7/7
  3631 | D:5      | Entered Level 5 of the Dungeon
  3743 | D:5      | Reached skill level 1 in Maces & Flails
  3998 | D:5      | Found a radiant altar of Vehumet.
  3999 | D:5      | Found a blossoming altar of Fedhas.
  4325 | D:5      | Reached skill level 2 in Maces & Flails
  4495 | D:5      | Found an ancient bone altar of Kikubaaqudgha.
  4749 | D:5      | Found a staircase to the Ecumenical Temple.
  4824 | Temple   | Entered the Ecumenical Temple
  4984 | Temple   | Became a worshipper of Uskayaw the Reveller
  5424 | D:4      | Reached * piety under Uskayaw
  5641 | D:4      | Reached ** piety under Uskayaw
  5759 | D:4      | Reached skill level 3 in Maces & Flails
  6331 | D:6      | Reached skill level 1 in Stealth
  6331 | D:6      | Gained mutation: You have a pair of antennae on your head.
                  | [demonic ancestry]
  6331 | D:6      | Reached XP level 8. HP: 58/58 MP: 8/8
  6372 | D:6      | Found an ancient bone altar of Kikubaaqudgha.
  6401 | D:6      | Noticed Blork the orc
  6407 | D:6      | Killed Blork the orc
  6408 | D:6      | Reached skill level 4 in Maces & Flails
  6877 | D:6      | Found a sacrificial altar of Ru.
  7004 | D:6      | Reached skill level 5 in Maces & Flails
  7640 | D:7      | Reached skill level 6 in Maces & Flails
  7648 | D:7      | Reached *** piety under Uskayaw
  7896 | D:7      | Gained mutation: You are surrounded by a strong repulsion
                  | field. (EV +4, RMsl) [demonic ancestry]
  7896 | D:7      | Reached XP level 9. HP: 46/64 MP: 9/9
  8297 | D:7      | Reached skill level 7 in Maces & Flails
  8357 | D:7      | You fall into a shaft and drop 3 floors!
  8357 | D:10     | Entered Level 10 of the Dungeon
  8357 | D:10     | Found a staircase to the Orcish Mines.
  8374 | D:10     | Reached skill level 5 in Armour
  8374 | D:10     | Reached **** piety under Uskayaw
  8381 | D:10     | Reached ***** piety under Uskayaw
  8836 | D:10     | Reached skill level 8 in Maces & Flails
  9445 | D:10     | Reached XP level 10. HP: 71/71 MP: 10/10
  9514 | D:10     | Found a staircase to the Lair.
  9644 | D:10     | Reached skill level 9 in Maces & Flails
 10648 | D:9      | Noticed a two-headed ogre
 10661 | D:9      | Killed a two-headed ogre
 10663 | D:9      | Noticed a two-headed ogre
 10670 | D:9      | HP: 3/73 [two-headed ogre/+0 giant club (17)]
 10675 | D:9      | Noticed Erolcha
 10675 | D:9      | HP: 3/73 [poisoned by a killer bee]
 10678 | D:9      | Mangled by a two-headed ogre

Illustrated notes

Levels and vault maps discovered:
D:1:      sevenhm_arrival_forest_fort_small_3, layout_basic, minmay_tetromino_t4
D:2:      layout_basic, minmay_ruptured
D:3:      layout_rooms, lemuel_round_altar, skrybe_limestone_x
D:4:      layout_basic, serial_shops, nicolae_shop_waterfront, uniq_menkaure
D:5:      layout_layer_cave, chequers_temple_overflow_statue_of_worship,
          minmay_temple_entry_proselytizer, basic_altar
D:6:      minmay_chambers_of_fours, layout_loops_ring, nicolae_ru_awakened_eye,
          kiku_gazebo_garden_becter, uniq_blork_the_orc
D:7:      layout_rooms, chequers_jeans
D:9:      minmay_diamond_stairs, layout_rooms, uniq_erolcha
D:10:     layout_loops_ring, grunt_lair_entry_orc_guard_hut, zombieorc2_lemuel,
          serial_bayou_lake_a
Temple:   nicolae_temple_elliptical

Skill      XL: |  1  2  3  4  5  6  7  8  9 10 |
---------------+-------------------------------+-----
Staves         | 3 4 5 6 |  6.1
Dodging        | 3 4 |  4.1
Armour         | 1 2 4 5 6 |  6.3
Fighting       | 3 4 |  4.3
Maces & Flails | 3 6 8 9 |  9.7
Stealth        | 1 |  1.9
Throwing       | 2 |  2.8

Action                   |  1- 3 |  4- 6 |  7- 9 | 10-12 || total
-------------------------+-------+-------+-------+-------++-------
Melee: Quarterstaff      |   130 |    93 |       |       ||   223
       Great mace        |       |       |   341 |    71 ||   412
Throw: Throwing net      |       |     4 |     2 |       ||     6
       Javelin           |       |       |    31 |     6 ||    37
Invok: Stomp             |       |       |     2 |     2 ||     4
       Line Pass         |       |       |     2 |     1 ||     3
  Use: Scroll            |     7 |     7 |     9 |     3 ||    26
       Potion            |       |       |     2 |       ||     2
 Stab: Distracted        |       |     1 |       |       ||     1
       Held in net/web   |       |     1 |       |       ||     1
       Paralysed         |       |       |    11 |     1 ||    12
Armor: Leather armour    |    13 |       |    14 |       ||    27
       Ring mail         |    30 |    11 |    17 |       ||    58
       Plate armour      |       |       |   193 |    38 ||   231
Dodge: Dodged            |   107 |    63 |   323 |    55 ||   548
Block: Other             |       |       |    93 |    26 ||   119
       Reflection        |       |       |     5 |     1 ||     6
